 Dungeon Crawl Stone Soup version 0.28.0-43-g3370ac3207 (console) character file.

Game seed: 10943648591955728456

1883 Zeor the Magician (level 8, 0/64 HPs)
             Began as a Palentonga Cinder Acolyte on Mar 13, 2022.
             Was an Elder of Ignis.
             Succumbed to a water moccasin's poison
             ... on level 6 of the Dungeon.
             The game lasted 00:28:57 (7458 turns).

Zeor the Magician (Palentonga Cinder Acolyte)       Turns: 7458, Time: 00:28:57

Health: 0/64       AC: 14    Str: 17    XL:     8   Next: 92%
Magic:  19/26      EV:  9    Int: 17    God:    Ignis [****..]
Gold:   317        SH:  0    Dex:  6    Spells: 17/19 levels left

rFire   + + +      SeeInvis +   a - staff of fire
rCold   . . .      Faith    .   (no shield)
rNeg    . . .      Spirit   .   k - +1 leather armour {rF+}
rPois   .          Reflect  .   (no helmet)
rElec   .          Harm     .   (no cloak)
rCorr   .          Rampage  .   l - +1 pair of gloves
Will    .....                   (no barding)
Stlth   +.........              n - amulet of magic regeneration
HPRegen 0.20/turn               t - ring of magical power
MPRegen 0.60/turn               (no ring)

@: mighty, lethally poisoned (0 -> -3), fiery-armoured
A: large, rugged brown scales 3, see invisible, deformed body, roll 1, armoured
tail, reflexive curl
a: Rolling Charge, Renounce Religion, Fiery Armour, Foxfire Swarm, Rising Flame


You were on level 6 of the Dungeon.
You worshipped Ignis.
Ignis was greatly pleased with you.
You visited 1 branch of the dungeon, and saw 6 of its levels.
You also visited: Sewer and Ossuary.

You collected 317 gold pieces.

Inventory:

Hand Weapons
 b - a +0 spear of flaming
 h - a +2 hand axe of freezing
 i - a +2 dagger of venom
Missiles
 g - 36 bolts
 m - 41 arrows
Armour
 k - a +1 leather armour of fire resistance (worn)
 l - a +1 pair of gloves (worn)
Magical Staves
 a - a staff of fire (weapon)
Jewellery
 j - an amulet of guardian spirit
 n - an amulet of magic regeneration (around neck)
 o - a ring of ice
 t - a ring of magical power (left hand)
Scrolls
 e - a scroll of blinking
 s - 3 scrolls of amnesia
Potions
 c - a potion of heal wounds {unknown}
 d - 5 potions of haste
 f - a potion of might
 p - 2 potions of degeneration
 q - 8 potions of flight
 u - 2 potions of cancellation
 v - 2 potions of ambrosia


   Skills:
 + Level 4.1 Fighting
 + Level 5.7(6.0) Polearms
 * Level 2.8(4.9) Staves
 + Level 2.3 Armour
 + Level 1.7 Dodging
 - Level 0.5 Stealth
 * Level 6.0 Spellcasting
 + Level 4.0 Fire Magic
 * Level 2.2 Evocations


You had 17 spell levels left.
You knew the following spells:

 Your Spells              Type           Power      Damage    Failure   Level
a - Scorch                Fire           56%        2d7       4%          2

Your spell library contained the following spells:

 Spells                   Type           Power      Damage    Failure   Level
 Sublimation of Blood     Necr           5%         N/A       22%         2
 Wereblood                Tmut           5%         N/A       22%         2
 Summon Lightning Spire   Summ/Air       5%         N/A       83%         4
 Storm Form               Tmut/Air       2%         N/A       100%        7
 Summon Hydra             Summ           2%         N/A       100%        7
 Maxwell's Capacitive Co  Air            2%         ∞         100%        8


Dungeon Overview and Level Annotations

Branches:
Dungeon (6/15)             Temple (0/1) D:4           Sewer (visited)
Ossuary (visited)

Altars:

Shops:
D:1 [   D:2 *   D:5 =


Innate Abilities, Weirdness & Mutations

You are completely covered in rugged brown scales. (AC +3, +7% HP)
You have supernaturally acute eyesight. (SInv)
Armour fits poorly on your strangely shaped body.
You can roll at nearby foes to attack.
You have a long armoured tail.
You curl defensively after being hit. (AC +7*)


Message History

* * * LOW HITPOINT WARNING * * *
You feel very sick. The water moccasin bites you.
* * * LOW HITPOINT WARNING * * *
The water moccasin is burned by your cloak of flames.
The water moccasin is severely wounded.
The bullfrog zombie hits you but does no damage.
The bullfrog zombie is burned by your cloak of flames.
The bullfrog zombie is severely damaged.
Casting: Scorch (safe; 4% risk of failure)
Confirm with . or Enter, or press ? or * to list all spells.
You feel a surge of power!
Flames lash the water moccasin.
The water moccasin is almost dead.
The water moccasin's fire resistance burns away.
* * * LOW HITPOINT WARNING * * *
You feel sick.
The water moccasin bites you but does no damage.
The water moccasin is burned terribly!
The water moccasin is burned by your cloak of flames.
You kill the water moccasin!
The bullfrog zombie completely misses you.
Your Fire Magic skill increases to level 4!
Casting: Scorch (safe; 4% risk of failure)
Confirm with . or Enter, or press ? or * to list all spells.
You feel a surge of power!
Flames lash the bullfrog zombie.
The bullfrog zombie is almost destroyed.
The bullfrog zombie's fire resistance burns away.
* * * LOW HITPOINT WARNING * * *
You feel sick.
The bullfrog zombie hits you but does no damage.
The bullfrog zombie is burned terribly!
The bullfrog zombie is burned by your cloak of flames.
You destroy the bullfrog zombie!
Your Spellcasting skill increases to level 6!
* * * LOW HITPOINT WARNING * * *
You feel sick.
Okay, then.
* * * LOW HITPOINT WARNING * * *
You feel sick.
You die...

▒▒▒■▒▒▒▒
▒∙∙∙∙∙∙▒
▒∙∙∙∙∙∙▒ ▒
▒∙∙∙∙∙∙▒ ▒∙∙∙
▒∙∙∙∙∙∙▒
∙∙∙∙∙▒∙∙∙∙∙∙▒
∙∙∙∙∙'∙∙H∙∙∙▒
∙∙∙∙∙▒†∙∙∙∙∙▒
∙∙∙ ▒∙∙>∙∙∙▒
▒ ▒∙∙∙∙†∙▒
▒∙∙∙∙∙∙▒
▒∙∙∙∙∙∙▒
▒∙∙∙∙∙∙▒
▒∙∙∙∙∙∙▒
▒∙∙∙∙∙∙▒


There were no monsters in sight!

Vanquished Creatures
  A water moccasin (D:6)
  A hornet zombie (D:5)
  A sky beast (D:5)
  A necrophage (D:6)
  A centaur (D:5)
  An ogre (D:4)
  A phantom (D:5)
  A kobold brigand (D:5)
  2 scorpions
  3 water moccasin zombies (Ossuary)
  2 water moccasin skeletons
  A bullfrog zombie (D:6)
  A crimson imp (D:5)
  3 hounds
  2 orc priests
  A centaur skeleton (D:6)
  2 iguanas
  5 orc wizards
  2 mummies (Ossuary)
  7 adders
  5 river rats (Sewer)
  3 white imps (D:5)
  An ufetubus (D:4)
  8 adder zombies (Ossuary)
  7 worms
  3 dart slugs
  26 orcs
  13 ball pythons
  9 bats
  4 endoplasms
  2 giant cockroaches
  7 gnoll zombies (Ossuary)
  7 goblins
  9 hobgoblins
  9 jackals
  20 kobolds
  A quokka (D:3)
  9 frilled lizards
  5 hobgoblin zombies (Ossuary)
  3 kobold zombies (Ossuary)
  6 orc zombies (Ossuary)
  6 rats
202 creatures vanquished.

Vanquished Creatures (collateral kills)
  A bat (Sewer)
1 creature vanquished.

Vanquished Creatures (others)
  3 plants (D:4)
3 creatures vanquished.

Grand Total: 206 creatures vanquished

Notes
Turn   | Place    | Note
-------+----------+-------------------------------------------
     0 | D:1      | Zeor the Palentonga Cinder Acolyte began the quest for the
                  | Orb.
     0 | D:1      | Reached XP level 1. HP: 19/19 MP: 2/2
   163 | D:1      | Reached XP level 2. HP: 23/25 MP: 3/3
   213 | D:1      | Learned a level 2 spell: Scorch
   258 | D:1      | Found Fiezxyib's Armour Boutique.
   588 | D:1      | Found a faded altar of an unknown god.
   963 | D:2      | Reached XP level 3. HP: 24/31 MP: 4/4
  1236 | D:2      | Found Cotze's Assorted Antiques.
  2015 | D:3      | Reached XP level 4. HP: 30/37 MP: 1/6
  2424 | D:3      | Reached XP level 5. HP: 43/43 MP: 7/7
  2453 | D:3      | Reached skill level 2 in Spellcasting
  3209 | D:4      | Noticed an ogre
  3217 | D:4      | Killed an ogre
  3218 | D:4      | Reached XP level 6. HP: 25/51 MP: 8/10
  3224 | D:4      | Found a staircase to the Ecumenical Temple.
  3318 | D:4      | Reached skill level 5 in Polearms
  3513 | D:4      | Found a sand-covered staircase.
  3530 | Ossuary  | Entered an ossuary
  3643 | Ossuary  | Reached skill level 1 in Dodging
  3643 | Ossuary  | Reached skill level 3 in Spellcasting
  3676 | Ossuary  | Reached skill level 1 in Armour
  3689 | Ossuary  | Gained mutation: You curl defensively after being hit. (AC
                  | +7*) [Palentonga growth]
  3689 | Ossuary  | Reached XP level 7. HP: 18/56 MP: 11/11
  4212 | D:4      | Identified a scroll of acquirement
  4212 | D:4      | Acquired a staff of fire
  4708 | D:5      | Entered Level 5 of the Dungeon
  4708 | D:5      | Found Jokuesk's Jewellery Shop.
  4862 | D:5      | Found a glowing drain.
  4892 | D:5      | Reached skill level 1 in Staves
  4892 | D:5      | Reached skill level 4 in Spellcasting
  4908 | Sewer    | Entered a sewer
  5083 | Sewer    | Reached XP level 8. HP: 45/64 MP: 3/14
  5964 | D:5      | Reached skill level 1 in Evocations
  6109 | D:5      | HP: 2/64 [poisoned by a kobold brigand]
  6491 | D:5      | Reached skill level 5 in Spellcasting
  7455 | D:6      | HP: 3/64 [poisoned by a water moccasin]
  7456 | D:6      | Reached skill level 6 in Spellcasting
  7457 | D:6      | HP: 1/64 [poisoned by a water moccasin]
  7458 | D:6      | Succumbed to a water moccasin's poison

Illustrated notes

Levels and vault maps discovered:
D:1:      elethiomel_arrival_quiet, layout_loops_ring,
          hellmonk_ecumenical_altar_inner_sanctum, serial_shops,
          nicolae_shop_trees
D:2:      layout_basic, serial_shops, nicolae_shop_overgrown_old_shop
D:3:      layout_basic
D:4:      layout_basic, minmay_temple_entry_mini_moons, serial_forest,
          infiniplex_forest_lined_room_3, infiniplex_forest_lined_room_,
          infiniplex_forest_end_2, infiniplex_forest_lined_4_way,
          infiniplex_forest_straight_3, infiniplex_forest_clump_C,
          infiniplex_forest_lined_1, infiniplex_forest_end_2,
          infiniplex_forest_lined_2, nicolae_ossuary_entry_monument
D:5:      cheibrodos_thug_alley, layout_basic, serial_shops,
          nicolae_stop_n_shop_2, cheibrodos_sewer_entry_drain,
          minmay_fire_ice_demons
D:6:      layout_gridville, minmay_manual_mandibuliform

Skill      XL: |  1  2  3  4  5  6  7  8 |
---------------+-------------------------+-----
Polearms       | 3 4 5 |  5.7
Spellcasting   | 2 3 4 6 |  6.0
Dodging        | 1 |  1.7
Armour         | 1 2 |  2.3
Fire Magic     | 3 4 |  4.0
Fighting       | 4 |  4.1
Staves         | 1 2 |  2.8
Evocations     | 2 |  2.2
Stealth        | |  0.5

Action                   |  1- 3 |  4- 6 |  7- 9 || total
-------------------------+-------+-------+-------++-------
Melee: Spear             |   139 |   227 |    39 ||   405
       Tailslap          |     5 |    32 |    22 ||    59
       Staff             |       |       |   142 ||   142
       Punch             |       |       |     4 ||     4
 Cast: Scorch            |     9 |     9 |    95 ||   113
Invok: Fiery Armour      |       |     2 |     2 ||     4
 Abil: Rolling Charge    |     3 |     1 |    11 ||    15
  Use: Scroll            |     5 |       |    12 ||    17
       Potion            |       |       |     5 ||     5
Armor: Robe              |    47 |    17 |       ||    64
       Leather armour    |       |    41 |   103 ||   144
Dodge: Dodged            |    39 |    69 |   119 ||   227
